 Dungeon Crawl Stone Soup version 0.18-a0-912-g81d1dc4 (webtiles) character file.

18 Jmtri7 the Digger (level 2, -1/19 HPs)
             Began as a Formicid Earth Elementalist on Dec 25, 2015.
             Slain by a hobgoblin (2 damage)
             ... on level 1 of the Dungeon.
             The game lasted 00:04:31 (829 turns).

Jmtri7 the Digger (Formicid Earth Elementalist)      Turns: 829, Time: 00:04:31

Health: -1/19      AC:  2    Str: 12    XL:     2   Next: 85%
Magic:  1/5        EV: 12    Int: 14    God:
Gold:   48         SH:  0    Dex: 11    Spells: 1 memorised, 4 levels left

rFire  . . .     SeeInvis +     f - +2 whip (elec)
rCold  . . .     Gourm    .     a - +0 robe
rNeg   . . .     Faith    .     (no shield)
rPois  .         Spirit   .     (helmet unavailable)
rElec  .         Dismiss  .     (no cloak)
rCorr  .         Reflect  .     (no gloves)
SustAt .         Harm     .     (no boots)
MR     .....                    (no amulet)
Stlth  ++........               (no ring)
                                (no ring)

@: not resistant to hostile enchantments, unstealthy
A: permanent stasis, dig shafts and tunnels, four strong arms, antennae 3
a: Dig, Shaft Self


You were on level 1 of the Dungeon.
You were not hungry.

You visited 1 branch of the dungeon, and saw 1 of its levels.

You collected 48 gold pieces.

Inventory:

Hand Weapons
 f - a +2 whip of electrocution (weapon)
Missiles
 b - 67 stones (quivered)
Armour
 a - a +0 robe (worn)
 g - a +0 hat
Scrolls
 e - a scroll of teleportation {unknown}
 i - a scroll of random uselessness {unknown}
 l - a scroll of fog {unknown}
Potions
 h - 2 potions of ambrosia {unknown}
Books
 c - a book of Geomancy

   Spells                             Type                      Level
   a - Sandblast                      Earth                        1
   b - Stoneskin                      Transmutation/Earth          2
   c - Passwall                       Transmutation/Earth          3
   d - Stone Arrow                    Conjuration/Earth            3
   e - Petrify                        Transmutation/Earth          4
   f - Lee's Rapid Deconstruction     Earth                        5
Comestibles
 d - a bread ration
 j - a meat ration
 k - a slice of pizza


   Skills:
 - Level 1.7 Dodging
 - Level 2.4 Stealth
 + Level 2.4 Spellcasting
   Level 1.1 Transmutations
 - Level 4.4 Earth Magic


You had 4 spell levels left.
You knew the following spells:

 Your Spells              Type           Power        Failure   Level  Hunger
a - Sandblast             Erth           ##....       3%          1    #......


Dungeon Overview and Level Annotations

Branches:
Dungeon (1/15)

Altars:


Innate Abilities, Weirdness & Mutations

You are under a permanent stasis effect.
You can dig through walls and to a lower floor.
Your four strong arms can wield two-handed weapons with a shield.
You have a pair of large antennae on your head (SInv).


Message History

* * * LOW HITPOINT WARNING * * *
The hobgoblin barely misses you.
Casting: Sandblast
Confirm with . or Enter, or press ? or * to list all spells.
Aiming: Sandblast
Press: ? - help, Shift-Dir - straight line, f/p - giant gecko
Aim: a giant gecko The blast of sand hits the giant gecko.
The giant gecko barely misses you.
The hobgoblin hits you but does no damage.
The hobgoblin closely misses you. The giant gecko bites you.
* * * LOW HITPOINT WARNING * * *
Casting: Sandblast
Confirm with . or Enter, or press ? or * to list all spells.
Aiming: Sandblast
Press: ? - help, Shift-Dir - straight line, f/p - giant gecko
Aim: a giant gecko The blast of sand hits the giant gecko.
The giant gecko is severely wounded.
The giant gecko barely misses you. The hobgoblin hits you.
You die...

[....#... ##### .#.#....###...#
...#.##.#.'...+ +.##
....).....#...# #..#
..........##'##############..#
......>..##...#...#...#...#..#
.........##...'...'.<.#...#..#
.........##...#...#...#...#..#
...).#..####'###@###'###'##..#
.##.##..###...#glg#...#...#.#
....##....#...#.⌠.'...#...'.####
.#.....##.#...#...#...#...#....#
##.##.....##'###########'##....#
#.######.#...#...#...#...#....#
##.# #.#.⌠.'...'.⌠.'...#....#
...## #.#...#...#...#...##.###
....## #.##########+#######.#


You could see a giant gecko and 2 hobgoblins.

Vanquished Creatures
  An ooze (D:1)
  A giant cockroach (D:1)
  A goblin (D:1)
  A hobgoblin (D:1)
  2 jackals (D:1)
  4 bats (D:1)
  A giant newt (D:1)
  A kobold (D:1)
  A rat (D:1)
13 creatures vanquished.

Notes
Turn   | Place    | Note
--------------------------------------------------------------
     0 | D:1      | Jmtri7 the Formicid Earth Elementalist began the quest for the Orb.
     0 | D:1      | Reached XP level 1. HP: 13/13 MP: 3/3
    72 | D:1      | Reached skill level 4 in Earth Magic
    72 | D:1      | Reached XP level 2. HP: 8/19 MP: 1/5
   829 | D:1      | Slain by a hobgoblin

Vault maps used:
D:1:      co_arrival_random_square_maze

Action                   || total
-------------------------++-------
Melee: Unarmed           ||     4
       Whip              ||    42
Throw: Stone             ||     2
 Cast: Sandblast         ||    23
 Abil: Dig               ||     1
